 Dungeon Crawl Stone Soup version 0.29.1-4-g47bece8355 (webtiles) character file.

Game seed: 11587329103096131847

207 hawla the Chiller (level 6, -12/45 HPs)
             Began as a Meteoran Ice Elementalist on Dec 10, 2022.
             Mangled by a wyvern (16 damage)
             ... on level 4 of the Dungeon.
             The game lasted 00:05:22 (1128 turns).

hawla the Chiller (Meteoran Ice Elementalist)       Turns: 1128, Time: 00:05:23

Health: -12/45     AC:  3    Str:  9    XL:     6   Next: 33%
Magic:  9/13       EV: 12    Int: 19    God:
Gold:   117        SH:  0    Dex: 15    Spells: 5/13 levels left

rFire   . . .      SeeInvis .   (no weapon)
rCold   . . .      Faith    .   (no shield)
rNeg    . . .      Spirit   .   a - +0 robe
rPois   .          Reflect  .   g - +0 helmet
rElec   .          Harm     .   (no cloak)
rCorr   .          Rampage  .   (no gloves)
Will    .....                   (no boots)
Stlth   +.........              (no amulet)
HPRegen 0.15/turn               (no ring)
MPRegen 0.13/turn               (no ring)

@: glowing
A: sense surroundings 1, otherworldly, glowing, explore regen
a: no special abilities


You were on level 4 of the Dungeon.
You visited 1 branch of the dungeon, and saw 4 of its levels.

You collected 117 gold pieces.

Inventory:

Armour
 a - a +0 robe (worn)
 g - a +0 helmet (worn)
Jewellery
 e - a ring of see invisible
Wands
 f - a wand of polymorph (15) (quivered)
 h - a wand of charming (4)
Scrolls
 c - a scroll of magic mapping
 d - a scroll of identify
Potions
 b - 3 potions of magic


   Skills:
 - Level 2.6 Dodging
 - Level 1.4 Stealth
 - Level 4.0 Spellcasting
 + Level 3.5 Conjurations
 - Level 6.0 Ice Magic


You had 5 spell levels left.
You knew the following spells:

 Your Spells              Type           Power      Damage    Failure   Level
a - Freeze                Ice            100%       1d11      1%          1
b - Frozen Ramparts       Ice            52%        1d8       3%          3
c - Hailstorm             Conj/Ice       21%        3d6       19%         4

Your spell library contained the following spells:

 Spells                   Type           Power      Damage    Failure   Level
 Ozocubu's Armour         Ice            26%        N/A       3%          3


Dungeon Overview and Level Annotations

Branches:
Dungeon (4/15) Zot: 1272
 Temple: D:4-7

Altars:


Innate Abilities, Weirdness & Mutations

You passively map a small area around you.
You are easily found by Zot.
You glow in the dark.
You regain HP and MP as you explore.


Message History

Casting: Frozen Ramparts (dangerous; 3% risk of failure)
Confirm with . or Enter, or press ? or * to list all spells.
Casting: Frozen Ramparts (dangerous; 3% risk of failure)
Press: ? - help, Dir - look around, f - activate The walls around you are covered in ice.
The wall freezes the wyvern.
The wyvern bites you!
Casting: Frozen Ramparts (dangerous; 3% risk of failure)
Confirm with . or Enter, or press ? or * to list all spells.
Aiming: Freeze (safe; 1% risk of failure)
Press: ? - help, Shift-Dir - straight line, f - wyvern
Aim: a wyvern (lightly wounded)
You freeze the wyvern!
The wyvern is moderately wounded.
The wall freezes the wyvern.
The wyvern completely misses you.
The wall freezes the wyvern but does no damage.
The wyvern bites you!!
Casting: Freeze (safe; 1% risk of failure)
Confirm with . or Enter, or press ? or * to list all spells.
Aiming: Freeze (safe; 1% risk of failure)
Press: ? - help, Shift-Dir - straight line, f/p - wyvern
Aim: a wyvern (moderately wounded)
You freeze the wyvern.
The wyvern is heavily wounded.
The wall freezes the wyvern but does no damage.
The wyvern bites you!
* * * LOW HITPOINT WARNING * * *
Okay, then.
Okay, then.
Your frozen ramparts will break if you move.
Continue?
The wyvern attacks as you move away! The wyvern bites you.
* * * LOW HITPOINT WARNING * * *
The ball python attacks as you move away!
The ball python bites you.
* * * LOW HITPOINT WARNING * * *
The frozen ramparts melt away as you move.
The wyvern bites you.
* * * LOW HITPOINT WARNING * * *
The wyvern barely misses you. The wyvern attacks as you move away!
The wyvern bites you!
You die...

, ,* #............# * ,
#+##......# , ,
......>...# *
#.##.....)#
#...####.##......# ,
#......#.##......#
......#.##.....##
...[.#.##.#'### #####
##...#@##.#.# #....
#....+l##.#.# #.### ,
#....#S.....# #.#
#......##.#.# #.# , ,
#....#####.#.#######.###
, #..# * #.#.........#..
*#. , #.###########.# *
#.# ####.# ** * #.#
#....#


You could see a wyvern and a ball python.

Vanquished Creatures
  A hound (D:4)
  Terence (D:2)
  Jessica (D:3)
  Ijyb (D:3)
  A gnoll (D:1)
  3 adders
  A worm (D:2)
  A dart slug (D:4)
  8 orcs
  A bat (D:3)
  2 endoplasms
  4 hobgoblins
  3 quokkas
  3 ball pythons
  7 frilled lizards
  9 goblins
  4 kobolds
  3 rats
54 creatures vanquished.

Notes
Turn   | Place    | Note
-------+----------+-------------------------------------------
     0 | D:1      | hawla the Meteoran Ice Elementalist began the quest for the
                  | Orb.
     0 | D:1      | Reached XP level 1. HP: 14/14 MP: 5/5
     2 | D:1      | Noticed a meteoran
     2 | D:1      | Noticed a palentonga
     4 | D:1      | Noticed a formicid
     4 | D:1      | Noticed a demigod
     6 | D:1      | Noticed a troll
     6 | D:1      | Noticed a ghoul
     8 | D:1      | Noticed a demonspawn
    10 | D:1      | Noticed an ogre
    10 | D:1      | Noticed a gargoyle
    12 | D:1      | Noticed a human
    12 | D:1      | Noticed a tengu
    14 | D:1      | Noticed an octopode
    14 | D:1      | Noticed a spriggan
    16 | D:1      | Noticed an elf
    18 | D:1      | Noticed a felid
    20 | D:1      | Noticed a vine stalker
    20 | D:1      | Noticed a minotaur
    22 | D:1      | Noticed a draconian
    22 | D:1      | Noticed a vampire
    24 | D:1      | Noticed a merfolk
    24 | D:1      | Noticed a palentonga
    26 | D:1      | Noticed a tengu
   275 | D:1      | Reached XP level 2. HP: 20/20 MP: 5/7
   305 | D:1      | Reached XP level 3. HP: 17/26 MP: 3/8
   315 | D:1      | Learned a level 3 spell: Frozen Ramparts
   324 | D:1      | Reached skill level 5 in Ice Magic
   460 | D:2      | Noticed Terence
   466 | D:2      | Killed Terence
   467 | D:2      | Reached XP level 4. HP: 33/33 MP: 1/10
   636 | D:3      | Learned a level 4 spell: Hailstorm
   650 | D:3      | Noticed Jessica
   654 | D:3      | Killed Jessica
   655 | D:3      | Reached XP level 5. HP: 38/38 MP: 8/12
   702 | D:3      | Identified the +1 robe "Emeawoit" {-Cast rPois rC+ rN+}
   707 | D:3      | Noticed Ijyb
   714 | D:3      | Killed Ijyb
   715 | D:3      | Reached skill level 1 in Conjurations
   715 | D:3      | Reached skill level 6 in Ice Magic
   821 | D:3      | Reached XP level 6. HP: 45/45 MP: 5/13
  1120 | D:4      | Noticed a wyvern
  1128 | D:4      | Mangled by a wyvern

Illustrated notes

Levels and vault maps discovered:
D:1:      kb_arrival_jail, layout_basic, dreamdust_mushroom_princess
D:2:      layout_loops_corners, basic_altar, minmay_lizard_pond, uniq_terence
D:3:      minmay_diamond_boxcup, layout_rooms,
          dreamdust_ecumenical_altar_sealed_demon, uniq_ijyb, uniq_jessica
D:4:      layout_basic

Skill      XL: |  1  2  3  4  5  6 |
---------------+-------------------+-----
Spellcasting   | 3 4 |  4.0
Ice Magic      | 5 6 |  6.0
Conjurations   | 2 3 |  3.5
Dodging        | |  2.6
Stealth        | |  1.4

Action                   |  1- 3 |  4- 6 || total
-------------------------+-------+-------++-------
Melee: Unarmed           |     2 |     4 ||     6
 Cast: Freeze            |    24 |    18 ||    42
       Frozen Ramparts   |     6 |    20 ||    26
       Hailstorm         |       |     1 ||     1
  Use: Scroll            |     2 |     3 ||     5
Armor: Robe              |     1 |     4 ||     5
Dodge: Dodged            |     8 |     7 ||    15
